AoeStats
← adnanca

Pilgrims

509943362Analyzed
2v2 RM · 3d ago on Sep 28, 2026· 71m 54s· 4 players
Game mode
Random Map
Map size
Medium (4 player)
Population
200
Speed
Normal
Resources
Standard
Victory
Conquest
Starting age
Dark Age
Ending age
Imperial Age
RankedLock teamsTeams togetherTeam positionsShared explorationLock speedFull tech treeHidden civsTurbo modeCheats
Victory
Defeat
🇺🇸 Huns · United States
1224
+15
🇹🇷 Burgundians · Türkiye
1144
+17
🇺🇸 Celts · United States
1206
-17
🇺🇸 Bengalis · United States
1171
-15
adnanca
0:33 Double-Bit Axe
4:08 Loom
9:58 Fishing Lines
12:51 Feudal Age
14:01 Bow Saw
16:22 Castle Age
14:43 Bow Saw
14:36 Fletching
15:59 Gold Mining
16:29 Padded Archer Armor
20:06 Scale Barding Armor
21:27 Wheelbarrow
21:28 Chain Barding Armor
23:50 Bodkin Arrow
24:11 Leather Archer Armor
24:12 Forging
24:13 Horse Collar
26:52 Wheelbarrow
30:24 Iron Casting
32:53 Wheelbarrow
40:51 Cavalier
42:39 Hand Cart
43:12 Town Watch
46:35 Heavy Plow
51:07 Imperial Age
52:19 Paladin
55:02 Two-Man Saw
54:40 Crop Rotation
56:28 Plate Barding Armor
59:39 Conscription
61:19 Gold Shaft Mining
60:35 Stone Mining
62:40 Blast Furnace
65:24 Light Cavalry
amityy
7:53 Loom
10:17 Feudal Age
11:34 Fishing Lines
13:32 Wheelbarrow
13:10 Fletching
14:14 Double-Bit Axe
14:10 Horse Collar
19:18 Castle Age
20:02 Bodkin Arrow
20:40 Bow Saw
21:08 Elite Skirmisher
21:50 Padded Archer Armor
23:30 Leather Archer Armor
24:13 Thumb Ring
27:48 Ballistics
27:34 Heavy Plow
29:53 Forging
29:48 Scale Barding Armor
31:49 Bloodlines
32:04 Scale Barding Armor
33:13 Husbandry
35:58 Hand Cart
35:49 Light Cavalry
37:55 Iron Casting
37:40 Chain Barding Armor
38:05 Gold Mining
41:22 Chain Barding Armor
47:32 Imperial Age
50:06 Imperial Age
50:57 Bracer
52:22 Plate Barding Armor
52:36 Capped Ram
54:08 Parthian Tactics
54:51 Heavy Cavalry Archer
57:46 Chemistry
59:59 Hand Cart
59:30 Town Watch
63:42 Siege Ram
69:04 Masonry
verano22
9:00 Loom
14:15 Feudal Age
14:44 Fishing Lines
14:32 Man-at-Arms
20:59 Castle Age
21:35 Bloodlines
22:09 Medium Warships
22:10 Pikeman
23:58 Squires
24:09 Gambesons
25:22 Scale Mail Armor
25:33 Forging
26:28 Stone Mining
26:32 Horse Collar
26:57 Gold Mining
28:24 Gillnets
28:58 Husbandry
29:28 Double-Bit Axe
31:11 Elite Skirmisher
31:38 Light Cavalry
34:20 Padded Archer Armor
34:11 Fletching
37:47 Ballistics
37:52 Murder Holes
44:38 Imperial Age
42:38 Bodkin Arrow
43:50 Bow Saw
45:44 Leather Archer Armor
45:29 Bracer
47:55 Paiks
48:16 Elite Ratha (Ranged)
58:24 Ring Archer Armor
58:31 Iron Casting
59:00 Chemistry
70:43 Scale Barding Armor
71:55 Blast Furnace
hitman_aoe
5:15 Loom
11:47 Feudal Age
12:55 Town Watch
12:56 Double-Bit Axe
14:06 Forging
13:49 Fishing Lines
16:12 Castle Age
14:11 Stone Mining
14:14 Gold Mining
17:12 Bow Saw
17:16 Fletching
17:32 Gillnets
18:38 Wheelbarrow
18:04 Scale Mail Armor
18:30 Medium Warships
19:54 Iron Casting
19:53 Chain Mail Armor
21:34 Bodkin Arrow
23:11 Ballistics
24:22 Hand Cart
28:14 Clinker Construction
30:25 Arson
35:56 Horse Collar
37:10 Gold Shaft Mining
44:49 Imperial Age
42:38 Masonry
43:18 Murder Holes
43:54 Stronghold
46:11 Plate Mail Armor
48:58 Blast Furnace
52:49 Gambesons
53:04 Man-at-Arms
53:09 Pikeman
54:30 Heavy Scorpion
55:45 Elite Woad Raider
59:00 Siege Engineers
60:50 Chemistry
64:17 Carvel Hull
65:28 Long Swordsman
66:22 Guilds
66:46 Two-Handed Swordsman
69:50 Champion
Connection lost

Rejoining the realm…

Still unreachable

The connection could not be restored.

Session expired

The server has moved on; the page needs a fresh start.